 Dungeon Sprint DCSS version 0.30-a0-605-gb2882149bf (webtiles) character file.

Game seed: 5441761841526915389

2284 NinjaNoafa the Covert (level 9, -4/54 HPs)
             Began as a Vampire Enchanter on Jan 7, 2023.
             Was the Champion of Dithmenos.
             Slain by Joseph
             ... wielding a +0 quarterstaff
              (14 damage)
             ... in the Dungeon (Sprint VII: "The Pits").
             The game lasted 00:09:43 (1013 turns).

NinjaNoafa the Covert (Vampire Enchanter)           Turns: 1013, Time: 00:09:44

Health: -4/54      AC: 12    Str: 10    XL:     9   Next: 17%
Magic:  10/16      EV: 14    Int: 24    God:    Dithmenos [******]
Gold:   0          SH:  0    Dex: 15    Spells: 7/18 levels left

rFire   . . .      SeeInvis +    n - +2 rapier (drain)
rCold   + + .      Faith    .    (no shield)
rNeg    + + +      Spirit   .    l - +5 ring mail
rPois   ∞          Reflect  .    (no helmet)
rElec   .          Harm     .    m - +0 cloak
rCorr   .          Rampage  .    b - +0 pair of gloves
Will    .....      NoTele   +    (no boots) Stlth **++++++++
                                 (no amulet)
HPRegen 0.00/turn                e - +3 ring of strength
MPRegen 0.15/turn                i - +3 ring of intelligence

@: bloodless, inhibited regen, wreathed by umbra
A: bloodless, fangs 3, see invisible, vampiric 2
a: Bat Form, Revivify, Renounce Religion, Shadow Step, Shadow Form


You were in the Dungeon.
You worshipped Dithmenos.
Dithmenos was exalted by your worship.
You visited 1 branch

Inventory:

Hand Weapons
 n - a +2 rapier of draining (weapon)
Armour
 b - a +0 pair of gloves (worn)
 l - a +5 ring mail (worn)
 m - a +0 cloak (worn)
Jewellery
 e - a +3 ring of strength (left hand)
 i - a +3 ring of intelligence (right hand)
Scrolls
 a - 5 scrolls of amnesia
 j - 2 scrolls of vulnerability
Potions
 c - 3 potions of invisibility
 d - 6 potions of curing
 f - 6 potions of heal wounds
 g - 4 potions of magic
 h - 3 potions of berserk rage
 k - 2 potions of might
 o - a potion of haste
 p - a potion of resistance
 q - 2 potions of mutation


   Skills:
 - Level 5.0 Fighting
 - Level 8.1 Short Blades
 + Level 0.0 Armour
 - Level 9.3 Dodging
 + Level 12.6 Stealth
 - Level 7.0 Unarmed Combat
 - Level 5.0 Spellcasting
 - Level 3.0 Conjurations
 - Level 7.0 Hexes
 - Level 5.0 Ice Magic
 - Level 9.4 Invocations


You had 7 spell levels left.
You knew the following spells:

 Your Spells              Type           Power      Damage    Failure   Level
a - Ensorcelled Hibernat  Hex/Ice        68%        N/A       3%          2
b - Confusing Touch       Hex            39%        N/A       3%          3
c - Tukima's Dance        Hex            39%        N/A       3%          3
d - Dazzling Flash        Conj/Hex       60%        N/A       9%          3

Your spell library contained the following spells:

 Spells                   Type           Power      Damage    Failure   Level


Dungeon Overview and Level Annotations

Branches:
Dungeon (1/1)

Altars:
Ashenzari
Cheibriados
Dithmenos
Fedhas
Gozag
Hepliaklqana
Kikubaaqudgha
Makhleb
Nemelex Xobeh
Okawaru
Qazlal
Ru
Sif Muna
Trog
Uskayaw
Vehumet
Wu Jian
Xom
Yredelemnul
Jiyva
Lugonu

Annotations:
D Joseph


Innate Abilities, Weirdness & Mutations

You do not regenerate when monsters are visible.
You are frail without blood (-20% HP).
You can heal yourself when you bite living creatures.
You are immune to poison.
You have razor-sharp teeth.
You have supernaturally acute eyesight. (SInv)
You are afflicted with vampirism and can become a bat while bloodless.


Message History

You see here a +0 whip.
You see here a +0 club.
There is an open door to the Storerooms (Easy), spattered with blood here.
You see here a +0 club.
You open the huge gate.
Joseph and a deep troll come into view.
There is a huge open gate to the Metal Vault (Medium) here.
There is a huge open gate to the Metal Vault (Medium) here.
Joseph shouts!
The deep troll shouts!
Joseph completely misses you.
Casting: Tukima's Dance (dangerous; 3% risk of failure)
Confirm with . or Enter, or press ? or * to list all spells.
Aiming: Ensorcelled Hibernation (safe; 3% risk of failure)
Press: ? - help, Shift-Dir - straight line, f - Joseph
Aim: Joseph, wielding a +0 quarterstaff and wearing a +0 leather armour (umbra, chance to affect: 45%) Joseph resists with some effort.
Joseph hits you with a +0 quarterstaff! The deep troll bites you!
You emit a cloud of dark smoke.
The deep troll claws you but does no damage.
The deep troll completely misses you.
Casting: Ensorcelled Hibernation (safe; 3% risk of failure)
Confirm with . or Enter, or press ? or * to list all spells.
Aiming: Ensorcelled Hibernation (safe; 3% risk of failure)
Press: ? - help, Shift-Dir - straight line, f/p - Joseph
Aim: Joseph, wielding a +0 quarterstaff and wearing a +0 leather armour (black smoke, umbra, chance to affect: 45%) Joseph resists with some effort.
The deep troll bites you. The deep troll closely misses you.
The deep troll claws you! Joseph closely misses you.
Casting: Ensorcelled Hibernation (safe; 3% risk of failure)
Confirm with . or Enter, or press ? or * to list all spells.
Aiming: Ensorcelled Hibernation (safe; 3% risk of failure)
Press: ? - help, Shift-Dir - straight line, f/p - Joseph
Aim: Joseph, wielding a +0 quarterstaff and wearing a +0 leather armour (black smoke, umbra, chance to affect: 45%) Joseph resists with some effort.
Your shadow mimicks your spell!
Joseph easily resists.
The deep troll bites you!
* * * LOW HITPOINT WARNING * * *
The deep troll misses you. The deep troll claws you.
* * * LOW HITPOINT WARNING * * *
Joseph hits you with a +0 quarterstaff!
You die...

)'.##......#..#......#
##.##................+
.).))................+
#####......#..#......#
#[[##................#
#))#####'#####''######
#))##.......##'§#####
#))##.......##.§§§§.+
#..##.......##.§@§§.+
#'###...<...##.§T@.##
...##.......##...###
...##.......##..##
#####.......##++#
#..##########
#.###########
#.#....#..[.#
#'#...÷#..[.#


You could see Joseph and a deep troll.

Vanquished Creatures
  An elephant (D)
  6 dream sheep (D)
  Menkaure (D)
  A swamp drake (D)
  A sky beast (D)
  A phantom (D)
  2 bullfrogs (D)
  2 wights (D)
  An iron imp (D)
  2 gnolls (D)
  A river rat (D)
  2 ball pythons (D)
  A goblin (D)
  2 kobolds (D)
  A bat (D)
25 creatures vanquished.

Vanquished Creatures (collateral kills)
  A gnoll sergeant (D)
  A wight (D)
  5 gnolls (D)
  An orc (D)
  A quokka skeleton (D)
9 creatures vanquished.

Vanquished Creatures (others)
  2 dancing weapons (D)
2 creatures vanquished.

Grand Total: 36 creatures vanquished

Notes
Turn   | Place    | Note
-------+----------+-------------------------------------------
     0 | D        | NinjaNoafa the Vampire Enchanter began the quest for the
                  | Orb.
     0 | D        | Reached XP level 1. HP: 13/13 MP: 3/3
    30 | D        | Reached skill level 5 in Stealth
    30 | D        | Reached skill level 5 in Hexes
    30 | D        | Reached XP level 2. HP: 19/19 MP: 3/5
    38 | D        | Learned a level 2 spell: Ensorcelled Hibernation
    64 | D        | Found a bloodstained altar of Trog.
    64 | D        | Found a shimmering blue altar of Sif Muna.
    64 | D        | Found a viscous altar of Jiyva.
    64 | D        | Found a hazy altar of Hepliaklqana.
    64 | D        | Found an opulent altar of Gozag.
    65 | D        | Found a basalt altar of Yredelemnul.
    65 | D        | Found a shimmering altar of Xom.
    65 | D        | Found an ornate altar of the Wu Jian Council.
    65 | D        | Found a sacrificial altar of Ru.
    65 | D        | Found a stormy altar of Qazlal.
    65 | D        | Found an iron altar of Okawaru.
    65 | D        | Found a sparkling altar of Nemelex Xobeh.
    65 | D        | Found a burning altar of Makhleb.
    65 | D        | Found a blossoming altar of Fedhas.
    65 | D        | Found a shadowy altar of Dithmenos.
    65 | D        | Found a snail-covered altar of Cheibriados.
    66 | D        | Found a radiant altar of Vehumet.
    66 | D        | Found a corrupted altar of Lugonu.
    67 | D        | Found a hide-covered altar of Uskayaw.
    67 | D        | Found an ancient bone altar of Kikubaaqudgha.
    67 | D        | Found a broken altar of Ashenzari.
    78 | D        | Became a worshipper of Dithmenos the Shadowed
   170 | D        | Reached * piety under Dithmenos
   176 | D        | Reached skill level 1 in Ice Magic
   233 | D        | Noticed a gnoll sergeant
   250 | D        | Reached ** piety under Dithmenos
   259 | D        | Reached skill level 6 in Stealth
   259 | D        | Gained mutation: You are afflicted with vampirism and can
                  | become a bat while bloodless. [Vampire growth]
   259 | D        | Reached XP level 3. HP: 23/24 MP: 5/7
   275 | D        | Killed a gnoll sergeant
   275 | D        | Reached *** piety under Dithmenos
   276 | D        | Reached skill level 7 in Stealth
   276 | D        | Reached XP level 4. HP: 30/30 MP: 7/10
   279 | D        | Reached skill level 5 in Dodging
   279 | D        | Reached skill level 5 in Ice Magic
   285 | D        | Reached XP level 5. HP: 32/35 MP: 6/11
   360 | D        | Learned a level 3 spell: Confusing Touch
   364 | D        | Learned a level 3 spell: Tukima's Dance
   366 | D        | Noticed a sky beast
   371 | D        | Reached **** piety under Dithmenos
   372 | D        | Reached skill level 1 in Conjurations
   381 | D        | Killed a sky beast
   382 | D        | Reached XP level 6. HP: 27/41 MP: 4/12
   425 | D        | Noticed Menkaure
   443 | D        | Killed Menkaure
   443 | D        | Reached ***** piety under Dithmenos
   444 | D        | Reached skill level 5 in Spellcasting
   444 | D        | Reached skill level 5 in Unarmed Combat
   448 | D        | Learned a level 3 spell: Dazzling Flash
   557 | D        | Noticed a swamp drake
   565 | D        | Killed a swamp drake
   566 | D        | Reached skill level 1 in Fighting
   566 | D        | Reached XP level 7. HP: 33/38 MP: 10/14
   591 | D        | Noticed an elephant
   591 | D        | Noticed a dream sheep
   591 | D        | Noticed a dream sheep
   591 | D        | Noticed a dream sheep
   591 | D        | Noticed a dream sheep
   591 | D        | Noticed a dream sheep
   592 | D        | Noticed a dream sheep
   594 | D        | Killed a dream sheep
   595 | D        | Reached skill level 8 in Stealth
   596 | D        | Killed a dream sheep
   597 | D        | Reached skill level 5 in Short Blades
   597 | D        | Reached skill level 9 in Stealth
   599 | D        | Killed a dream sheep
   600 | D        | Reached XP level 8. HP: 36/47 MP: 15/15
   619 | D        | Killed an elephant
   620 | D        | Reached skill level 10 in Stealth
   675 | D        | Killed a dream sheep
   676 | D        | Reached skill level 5 in Fighting
   676 | D        | Reached skill level 11 in Stealth
   679 | D        | Killed a dream sheep
   679 | D        | Reached ****** piety under Dithmenos
   681 | D        | Killed a dream sheep
   682 | D        | Reached skill level 12 in Stealth
   682 | D        | Reached XP level 9. HP: 54/54 MP: 8/16
  1006 | D        | Noticed Joseph
  1006 | D        | Noticed a deep troll
  1013 | D        | Slain by Joseph

Illustrated notes

Levels and vault maps discovered:
D:        pitsprint [storerooms_1, entrance_room_1, metal_vault_4, armoury_1,
          mini_pit_1, grid_room_1, main_hall_1, silver_pit, the_coven_1,
          the_vestibule_1, steel_vault_5, golden_pit, hallway_of_sentries,
          crystal_vault_3, iron_vault_4, final_vault]

Skill      XL: |  1  2  3  4  5  6  7  8  9 |
---------------+----------------------------+-----
Short Blades   | 2 3 5 7 8 |  8.1
Stealth        | 5 6 7 9 12 | 12.6
Hexes          | 5 7 |  7.0
Dodging        | 3 4 5 7 9 |  9.3
Ice Magic      | 2 4 5 |  5.0
Spellcasting   | 3 4 5 |  5.0
Invocations    | 2 7 8 9 |  9.4
Conjurations   | 3 |  3.0
Unarmed Combat | 6 7 |  7.0
Fighting       | 1 3 5 |  5.0

Action                   |  1- 3 |  4- 6 |  7- 9 || total
-------------------------+-------+-------+-------++-------
Melee: Dagger            |    41 |    24 |    45 ||   110
       Bite              |     4 |     3 |     6 ||    13
       Unarmed           |       |     2 |       ||     2
       Punch             |       |       |     4 ||     4
 Cast: Ensorcelled Hiber |     3 |     2 |    10 ||    15
       Confusing Touch   |       |     4 |     2 ||     6
       Tukima's Dance    |       |     2 |     6 ||     8
 Abil: Exsanguinate      |     1 |     2 |       ||     3
       Revivify          |     1 |     1 |       ||     2
       End Transformatio |       |     1 |       ||     1
       Bat Form          |       |     1 |       ||     1
  Use: Potion            |     2 |       |     4 ||     6
       Scroll            |     1 |       |     1 ||     2
 Stab: Sleeping          |     1 |     3 |     7 ||    11
       Confused          |       |     5 |     1 ||     6
       Invisible         |       |       |     2 ||     2
       Distracted        |       |       |     1 ||     1
Armor: Robe              |    13 |     1 |     6 ||    20
       Ring mail         |       |       |     1 ||     1
Dodge: Dodged            |    35 |    14 |    50 ||    99

Table legend: (Time is in decaauts)
 A = Elapsed time spent in this place.
 B = Non-inter-level travel time spent in this place.
 C = Inter-level travel time spent in this place.
 D = Time resting spent in this place.
 E = Time spent auto-exploring this place.
 F = Levels seen in this place.
 G = Mean time per level.
                   A        B        C        D        E       F      G
               +--------+--------+--------+--------+--------+-----+--------+
         Total |    967 |    955 |     12 |      3 |    528 |   1 |  967.0 |
       Dungeon |    967 |    955 |     12 |      3 |    528 |   1 |  967.0 |
               +--------+--------+--------+--------+--------+-----+--------+

Top non-repeatable levels by time:
       D: 967 daAuts
